 Dungeon Sprint DCSS version 0.29.1-1-gd02db6906a (webtiles) character file.

Game seed: 9719802379391037297

0 GigaChad the Shield-Bearer (level 1, -2/14 (19) HPs)
             Began as a Minotaur Fighter on Sept 16, 2022.
             Slain by a wolf (8 damage)
             ... in the Dungeon (Sprint V: "Ziggurat Sprint").
             The game lasted 00:02:15 (95 turns).

GigaChad the Shield-Bearer (Minotaur Fighter)         Turns: 95, Time: 00:02:17

HP:   -2/14 (19)    AC: 21    Str: 20    XL:     1   Next: 0%
MP:   0/0           EV: -1    Int:  5    God:
Gold: 0             SH: 14    Dex:  9    Spells: 0/0 levels left

rFire   . . .      SeeInvis +   A - +14 obsidian axe {vorpal, Mesm Drain Fly SInv}
rCold   . . .      Faith    .   l - +3 tower shield
rNeg    . . .      Spirit   .   k - +5 crystal plate armour
rPois   .          Reflect  .   (helmet restricted)
rElec   .          Harm     .   (no cloak)
rCorr   .          Rampage  .   (no gloves)
Will    .....      NoTele   +   (no boots)
Stlth   ..........              (no amulet)
HPRegen 0.04/turn               (no ring)
MPRegen 0.07/turn               (no ring)

@: flying, mesmerised, very heavily drained
A: horns 2, retaliatory headbutt
a: no special abilities


You were in the Dungeon.
You visited 1 branch

Inventory:

Hand Weapons
 a - a +0 long sword
 q - a +5 lajatang
 z - the +10 dark maul {vorpal}
   (You found it in the Dungeon)

   It inflicts extra damage upon your enemies.
 A - the +14 obsidian axe (weapon) {vorpal, Mesm Drain Fly SInv}
   (You found it in the Dungeon)

   It inflicts extra damage upon your enemies.
   It occasionally summons demons to assist the wielder when it strikes in
   combat.
   Its wielder is mesmerised by any visible foes.
   It cannot be unequipped while any foes are visible.
   SInv:      It lets you see invisible.
   Fly:       It grants you flight.
   Drain:     It drains your maximum health when unequipped.
Armour
 b - a +0 scale mail
 c - a +0 buckler
 k - a +5 crystal plate armour (worn)
 l - a +3 tower shield (worn)
Jewellery
 r - a ring of flight
 s - a +6 ring of dexterity
 t - a +6 ring of dexterity
 u - a +6 ring of intelligence
 v - a +6 ring of intelligence
 w - a +6 ring of strength
 x - a +6 ring of strength
Scrolls
 j - a scroll of blinking
Potions
 d - 6 potions of might
 e - 10 potions of curing
 f - 10 potions of heal wounds
 g - 6 potions of haste
 h - 7 potions of magic
 i - 3 potions of berserk rage
 m - 2 potions of brilliance
 n - 2 potions of invisibility
 o - 4 potions of resistance
 p - a potion of experience
Miscellaneous
 y - a lightning rod (4/4)


   Skills:
 + Level 3.6 Fighting
 + Level 2.4 Long Blades
 + Level 3.6 Armour
 + Level 3.6 Shields


You couldn't memorise any spells.
You didn't know any spells.
Your spell library was empty.

Dungeon Overview and Level Annotations

Branches:
Dungeon (1/1)

Altars:
Ashenzari
Cheibriados
Dithmenos
Elyvilon
Fedhas
Gozag
Hepliaklqana
Kikubaaqudgha
Makhleb
Nemelex Xobeh
Okawaru
Qazlal
Ru
Sif Muna
Trog
Uskayaw
Vehumet
Wu Jian
Xom
Yredelemnul
Zin
The Shining One
Jiyva
Lugonu

Annotations:
D 1 transporter


Innate Abilities, Weirdness & Mutations

You have a pair of horns on your head.
You reflexively headbutt those who attack you in melee.


Message History

You fly up into the air.
A - the +14 obsidian axe (weapon)
{vorpal, Mesm Drain Fly SInv} You float gracefully downwards.
You feel drained.
You are now empty-handed.
Items here: )) [[.
Okay, then.
You fly up into the air.
A - the +14 obsidian axe (weapon)
{vorpal, Mesm Drain Fly SInv}
There is a transporter here.
Your library has no spells.
Welcome to arena 1.
You enter the transporter and appear at another place.
A jackal and a wolf come into view.
Visions of slaying the jackal flood into your mind.
Found a book of Geomancy and a +2 leather armour of fire resistance.
Found a transporter.
You miss the wolf.
Visions of slaying the wolf flood into your mind.
You block the wolf's attack. x2
The jackal bites you but does no damage.
The wolf bites you but does no damage.
The jackal bites you but does no damage.
The wolf completely misses you. You furiously retaliate!
You headbutt the wolf, but do no damage.
You hit the wolf.
The wolf is moderately wounded.
You closely miss the jackal. The wolf bites you but does no damage.
The jackal bites you but does no damage.
The wolf bites you but does no damage.
The jackal bites you but does no damage.
The wolf bites you!
Ouch! That really hurt!
You block the jackal's attack.
You hit the wolf. Your headbutt misses the wolf.
The wolf is heavily wounded.
You slash the jackal!
You kill the jackal!
The wolf bites you but does no damage. You block the wolf's attack.
The wolf bites you!
Ouch! That really hurt!
You die...

▓▓▓▓▓▓▓
▓.8©8.▓
▓.....▓
▓.[.:.▓
▓.....▓
▓..h†.▓
▓..@..▓
▓▓▓▓▓▓▓


You could see a wolf (mesmerising).

Vanquished Creatures
  A jackal (D)
1 creature vanquished.

Notes
Turn   | Place    | Note
-------+----------+-------------------------------------------
     0 | D        | GigaChad the Minotaur Fighter began the quest for the Orb.
     0 | D        | Reached XP level 1. HP: 19/19 MP: 0/0
    14 | D        | Found a blossoming altar of Fedhas.
    14 | D        | Found the +6 Majin-Bo {vamp, MP+6 Int+6}
    14 | D        | Found the +9 heavy crossbow "Sniper" {vorpal, Acc+∞ SInv}
    14 | D        | Found the +10 dark maul {vorpal}
    14 | D        | Found the +15 Maxwell's patent armour {-Cast -Tele rElec
                  | Will+ rCorr}
    14 | D        | Found the +18 shield of the Gong {rElec rN+ Will+ EV-5}
    14 | D        | Found the +14 obsidian axe {vorpal, Mesm Drain Fly SInv}
    14 | D        | Found the +7 great mace "Firestarter" {inner flame, rF++}
    14 | D        | Found the +6 shillelagh "Devastator" {shatter}
    14 | D        | Found the +11 plutonium sword {Contam Stlth-}
    14 | D        | Found the +8 lance "Wyrmbane" {slay drac, rPois rF+ rC+
                  | AC+3}
    14 | D        | Found the +9 sword of Zonguldrok {reap}
    14 | D        | Found the +13 scythe of Curses {drain, Drain}
    14 | D        | Found the +5 sword of Power {vorpal}
    14 | D        | Found the +7 mace of Variability {chain chaos}
    14 | D        | Found the +7 Singing Sword {vorpal, sonic wave}
    14 | D        | Found the +8 storm bow {elec, penet}
    15 | D        | Found a viscous altar of Jiyva.
    15 | D        | Found a transporter.
    15 | D        | Found a hazy altar of Hepliaklqana.
    15 | D        | Found an ancient bone altar of Kikubaaqudgha.
    15 | D        | Found an opulent altar of Gozag.
    15 | D        | Found a corrupted altar of Lugonu.
    31 | D        | Found a shimmering blue altar of Sif Muna.
    31 | D        | Found a sacrificial altar of Ru.
    31 | D        | Found a bloodstained altar of Trog.
    31 | D        | Found a stormy altar of Qazlal.
    31 | D        | Found an iron altar of Okawaru.
    31 | D        | Found a sparkling altar of Nemelex Xobeh.
    34 | D        | Found a burning altar of Makhleb.
    92 | D        | Entered arena 2.
    92 | D        | Noticed a wolf
    92 | D        | Found a transporter.
    95 | D        | Slain by a wolf

Illustrated notes

Levels and vault maps discovered:
D:        sprint_v [room_start, room_1, room_2, room_3, room_4, room_5, room_6,
          room_7, room_8, room_9, room_10, room_11, room_12, room_13, room_14,
          room_15, room_16, room_17, room_18, room_19, room_20, room_21,
          room_22, room_23, room_24, room_25, room_26, room_27]

Action                   || total
-------------------------++-------
Melee: Broad axe         ||     3
Armor: Crystal plate arm ||     8
Dodge: Dodged            ||     1
Block: Tower shield      ||     4
